 Dungeon Crawl Stone Soup version 0.28.0-49-g6dfe1f597d (console) character file.

Game seed: 18141756012309146832

38 Faeu the Skirmisher (level 3, -3/33 HPs)
             Began as a Minotaur Berserker on May 15, 2022.
             Was a Believer of Trog.
             Slain by a goblin
             ... wielding a +0 club
             ... led by Robin
              (6 damage)
             ... on level 2 of the Dungeon.
             The game lasted 00:00:45 (1272 turns).

Faeu the Skirmisher (Minotaur Berserker)            Turns: 1272, Time: 00:00:46

Health: -3/33      AC:  2    Str: 23    XL:     3   Next: 25%
Magic:  2/2        EV: 12    Int:  4    God:    Trog [**....]
Gold:   88         SH:  0    Dex:  9    Spells: 2/2 levels left

rFire   . . .      SeeInvis .   a - +0 hand axe {axe}
rCold   . . .      Faith    .   (no shield)
rNeg    . . .      Spirit   .   b - +0 animal skin
rPois   .          Reflect  .   (helmet restricted)
rElec   .          Harm     .   (no cloak)
rCorr   .          Rampage  .   (no gloves)
Will    .....                   (no boots)
Stlth   +.........              (no amulet)
HPRegen 0.11/turn               (no ring)
MPRegen 0.08/turn               (no ring)

@: no status effects
A: horns 2, retaliatory headbutt
a: Renounce Religion, Berserk, Trog's Hand


You were on level 2 of the Dungeon.
You worshipped Trog.
Trog was pleased with you.
You visited 1 branch of the dungeon, and saw 2 of its levels.

You collected 88 gold pieces.


Innate Abilities, Weirdness & Mutations

You have a pair of horns on your head.
You reflexively headbutt those who attack you in melee.


   Skills:
 + Level 4.1 Fighting
 + Level 4.1 Axes
 + Level 3.0 Armour
 + Level 2.8 Dodging


You had 2 spell levels left.
You didn't know any spells.
Your spell library was empty.

Inventory:

Hand Weapons
 a - a +0 hand axe (weapon) {axe}
Armour
 b - a +0 animal skin (worn)
Jewellery
 c - an amulet of regeneration {@e2}
   (You found it on level 1 of the Dungeon)
Scrolls
 e - a scroll of brand weapon {unknown}
 f - a scroll of enchant weapon {unknown}
 h - a scroll of identify {unknown}
Potions
 d - a potion of attraction {unknown}
 g - a potion of mutation {unknown}

Dungeon Overview and Level Annotations

Branches:
Dungeon (2/15)

Altars:

Annotations:
D:2 Robin

.... #. #..#
.######..##########
..$(....##.........
...##..##.........
#..##..##.........
#..##..##.........
#.g##..##.........
#.g@....'.........
#gg######......... #g.#
#........# .....<)gg..#
##.#.##### .......r...#
#.#.###
##.#...#...#####.....#
#................#.#.#####
................#........
#..........#####.#.#.##...
....... ...# #..........#
###..#.##..#


You could see Robin, 2 hobgoblins, 4 goblins and a rat.


Message History

No target in view!
You now have 88 gold pieces (gained 13).
Key pressed, stopping explore.
No target in view!
You open the door.
There is an open door here. 2 goblins come into view.
The goblin shouts! x2
A goblin comes into view. It is wielding a +0 dagger.
A goblin comes into view. It is wielding a +0 club.
The goblin moves out of view.
Robin, 3 goblins and 2 hobgoblins come into view.
The goblin shouts!
The hobgoblin shouts!
The goblin shouts! x3
The hobgoblin shouts!
Robin roars a battlecry!
The goblins go into a battle-frenzy!
The goblin shouts!
There are monsters nearby!
A goblin comes into view. It is wielding a +0 club.
The goblin shouts!
There are monsters nearby!
You slash the goblin!
You kill the goblin!
Trog accepts your kill.
A rat comes into view.
There are monsters nearby!
Robin says, "Duck!"
Robin throws the goblin at you! The goblin hits you with a +0 club. x2
The goblin hits you but does no damage.
You see here a +0 dagger {short}.
There are monsters nearby!
You hit the goblin.
You kill the goblin!
Trog accepts your kill.
You closely miss the goblin. x2; You barely miss the goblin. x2
The goblin barely misses you. The goblin hits you with a +0 club.
The goblin hits you with a +0 dagger. The goblin misses you.
You furiously retaliate!
You headbutt the goblin!
You kill the goblin!
Trog accepts your kill.
There are monsters nearby!
You are too injured to fight recklessly!
There are monsters nearby!
You are too injured to fight recklessly!
There are monsters nearby!
You are too injured to fight recklessly!
There are monsters nearby!
You are too injured to fight recklessly!
There are monsters nearby!
You are too injured to fight recklessly!
There are monsters nearby!
You are too injured to fight recklessly!
There are monsters nearby!
You are too injured to fight recklessly!
There are monsters nearby!
You are too injured to fight recklessly!
There are monsters nearby!
You are too injured to fight recklessly!
There are monsters nearby!
You are too injured to fight recklessly!
There are monsters nearby!
You are too injured to fight recklessly!
There are monsters nearby!
You are too injured to fight recklessly!
There are monsters nearby!
You are too injured to fight recklessly!
There are monsters nearby!
You are too injured to fight recklessly!
There are monsters nearby!
You are too injured to fight recklessly!
There are monsters nearby!
You are too injured to fight recklessly!
There are monsters nearby!
You are too injured to fight recklessly! 😮 HP[-10]
You take 10 damage, and now have 23/33 hp.
MASSIVE DAMAGE!! (PAUSE)
The goblin hits you with a +0 club. The goblin barely misses you.
You furiously retaliate!
You headbutt the goblin. 😮 HP[-6]
You take 6 damage, and now have 17/33 hp.
Robin throws the goblin at you!
* * * LOW HITPOINT WARNING * * *
The goblin barely misses you. 😨 HP[-3]
You take 3 damage, and now have 14/33 hp.
You hit the goblin.
You kill the goblin!
Trog accepts your kill.
You barely miss the goblin. x2; The goblin hits you with a +0 club.
* * * LOW HITPOINT WARNING * * *
The goblin hits you with a +0 club.
* * * LOW HITPOINT WARNING * * *
😱 HP[-7]
You take 7 damage, and now have 7/33 hp.
MASSIVE DAMAGE!! (PAUSE)
The goblin hits you with a +0 club.
* * * LOW HITPOINT WARNING * * *
The goblin hits you with a +0 club.
You die...

Skill      XL: |  1  2 |
---------------+-------+-----
Axes           | 4 |  4.1
Fighting       | 4 |  4.1
Armour         | 3 |  3.0
Dodging        | |  2.8

Action                   || total
-------------------------++-------
Melee: Hand axe          ||    68
       Headbutt          ||     8
Armor: Animal skin       ||    16
Dodge: Dodged            ||    45

Levels and vault maps discovered:
D:1:      ncdulo_wetmaze, layout_loops_ring, minmay_tiny_reverse_x
D:2:      layout_basic, kennysheep_cross_bottleneck, minmay_liquid_box,
          uniq_robin

Notes
Turn   | Place    | Note
-------+----------+-------------------------------------------
     0 | D:1      | Faeu the Minotaur Berserker began the quest for the Orb.
     0 | D:1      | Reached XP level 1. HP: 19/19 MP: 0/0
     0 | D:1      | magus.rc [v1.9.6]
   320 | D:1      | Reached XP level 2. HP: 17/27 MP: 1/1
   554 | D:1      | Reached skill level 4 in Axes
   644 | D:1      | Reached skill level 4 in Fighting
   792 | D:1      | Reached ** piety under Trog
   851 | D:1      | Reached skill level 3 in Armour
   876 | D:1      | Reached XP level 3. HP: 33/33 MP: 2/2
  1264 | D:2      | Noticed Robin
  1271 | D:2      | HP: 7/33 [goblin/+0 club[Robin] (2)]
  1272 | D:2      | HP: 3/33 [goblin/+0 club[Robin] (5)]
  1272 | D:2      | Slain by a goblin

Vanquished Creatures
  An endoplasm (D:1)
  3 giant cockroaches (D:1)
  2 hobgoblins
  3 kobolds (D:1)
  6 quokkas (D:1)
  A ball python (D:1)
  3 bats
  2 frilled lizards (D:1)
  7 goblins
  6 rats (D:1)
34 creatures vanquished.

Table legend:
 A = Non-vault XP
 B = Vault XP
 C = Vault XP percentage of total XP
 D = Non-vault monster count
 E = Vault monster count
 F = Vault count percentage of total count
                 A         B        C        D         E       F
            +---------+---------+-------+---------+---------+-------
      Total |      44 |      11 |  20.0 |      28 |       6 |  17.6
            +---------+---------+-------+---------+---------+-------
        D:1 |      40 |       3 |   7.0 |      26 |       2 |   7.1
        D:2 |       4 |       8 |  66.7 |       2 |       4 |  66.7
            +---------+---------+-------+---------+---------+-------

Illustrated notes

Table legend:
 A = Kills in this place as a percentage of kills in entire the game.
 B = Kills by you in this place as a percentage of kills by you in the entire game.
 C = Kills by friends in this place as a percentage of kills by friends in the entire game.
 D = Other kills in this place as a percentage of other kills in the entire game.
 E = Experience gained in this place as a percentage of experience gained in the entire game.
 F = Experience gained in this place divided by the number of levels of this place that you have seen.
                   A       B       C       D       E      F
               +-------+-------+-------+-------+-------+----------------------
         Total | 100.0 | 100.0 |   N/A |   N/A | 100.0 |  27.5
       Dungeon | 100.0 | 100.0 |   N/A |   N/A | 100.0 |  27.5
               +-------+-------+-------+-------+-------+----------------------

Table legend: (Time is in decaauts)
 A = Elapsed time spent in this place.
 B = Non-inter-level travel time spent in this place.
 C = Inter-level travel time spent in this place.
 D = Time resting spent in this place.
 E = Time spent auto-exploring this place.
 F = Levels seen in this place.
 G = Mean time per level.
                   A        B        C        D        E       F      G
               +--------+--------+--------+--------+--------+-----+--------+
         Total |   1290 |   1247 |     43 |      0 |   1084 |   2 |  645.0 |
       Dungeon |   1290 |   1247 |     43 |      0 |   1084 |   2 |  645.0 |
               +--------+--------+--------+--------+--------+-----+--------+

Top non-repeatable levels by time:
     D:1: 1187 daAuts
     D:2: 103 daAuts
